 Dungeon Crawl Stone Soup version 0.16-a0-1295-g5a7e1d0 (webtiles) character file.

89 Consentacles the Pacifier (level 4, -5/37 HPs)
             Began as a Deep Dwarf Healer on Oct 14, 2014.
             Was a Priest of Elyvilon.
             Killed by divine providence
             ... invoked by an orc priest
              (6 damage)
             ... on level 3 of the Dungeon.
             The game lasted 00:19:04 (2455 turns).

Consentacles the Pacifier (Deep Dwarf Healer)       Turns: 2455, Time: 00:19:05

Health: -5/37      AC:  7    Str: 20    XL:     4   Next: 31%
Magic:  4/10       EV: 10    Int: 13    God:    Elyvilon [***...]
Gold:   179        SH:  0    Dex: 13    Spells: 0 memorised, 3 levels left

rFire  . . .     SeeInvis .     t - +0 hand axe
rCold  . . .     Clarity  .     i - +0 ring mail
rNeg   . . .     SustAb   .     (no shield)
rPois  .         Gourm    .     (no helmet)
rElec  .         Spirit   .     (no cloak)
rCorr  .         Warding  .     (no gloves)
rMut   .         Stasis   .     o - +1 pair of boots
MR     .....                    (no amulet)
Stlth  +.........               (no ring)
                                j - +5 ring of strength

@: flying (expiring), non-regenerating, not resistant to hostile enchantments,
very unstealthy
A: damage resistance, recharge devices, sense surroundings 1, slow healing 3
a: Device Recharging, Lesser Healing, Lesser Self-Healing, Divine Protection,
Purification, Greater Healing, Greater Self-Healing, Renounce Religion


You were on level 3 of the Dungeon.
You worshipped Elyvilon.
Elyvilon was most pleased with you.
You were very hungry.

You visited 1 branch of the dungeon, and saw 3 of its levels.

You collected 179 gold pieces.

Inventory:

Hand weapons
 t - a +0 hand axe (weapon)
Armour
 a - a +1 robe
 i - a +0 ring mail (worn)
 o - a +1 pair of boots (worn)
Jewellery
 j - a +5 ring of strength (left hand)
Magical devices
 d - a wand of heal wounds (8)
Scrolls
 g - 2 scrolls of identify
Potions
 b - a potion of curing
 e - 2 potions of restore abilities
 m - a potion of poison
 s - a potion of confusion {unknown}
 x - a potion of haste {unknown}
Comestibles
 f - 3 bread rations


   Skills:
 - Level 0.8 Fighting
 - Level 2.1 Dodging
 + Level 6.6 Invocations


You had 3 spell levels left.
You didn't know any spells.

Dungeon Overview and Level Annotations

Branches:
Dungeon (3/15)

Altars:

Annotations:
D:3 dongtrain's ghost, average FoFi


Innate Abilities, Weirdness & Mutations

You are resistant to damage.
You can recharge devices by infusing magical energy.
You passively map a small area around you.
You do not heal naturally.


Message History

Heal: an orc priest, wielding a hand axe and wearing a leather armour (lightly wounded)
The light of Elyvilon fails to reach the orc priest.
You feel somewhat more hungry. Dongtrain's ghost hits you.
Use which ability? (? or * to list)
Press: ? - help, Dir - move target cursor, f/p - orc priest Heal: an orc priest, wielding a hand axe and wearing a leather armour (lightly wounded)
The light of Elyvilon fails to reach the orc priest.
You are feeling very hungry.
Dongtrain's ghost closely misses you.
Use which ability? (? or * to list)
Press: ? - help, Dir - move target cursor, f/p - orc priest Heal: an orc priest, wielding a hand axe and wearing a leather armour (lightly wounded)
The light of Elyvilon fails to reach the orc priest.
You feel somewhat more hungry.
You are starting to lose your buoyancy.
Dongtrain's ghost hits you!
* * * LOW HITPOINT WARNING * * *
The orc priest calls down the wrath of Beogh upon you.
Something smites you!
You die...

..######...........(#
#.# #.
...........##.......#
#(####.
..########.##.......#
#)).... #.#
#.##.......###########..
#.#
#.##..............o.)...
#.#
#.##.......##########...
#.# #.#####o##.# #...
[.# #.# #o##.# #..#
#.########.# #@##.# ##o#
#..........#####W##.#
#o#
*,,.............oo..#
#)#
*,######.....###.####
#.# *,...........# #.#
##.# **######.....#
#.#############..#
#.....#
#....o.........[..
#####.###
####..o...........
#.....# #..............


You could see an orc priest, dongtrain's ghost, 2 orcs and a neutral orc
(wandering).

Vanquished Creatures
  An ooze (D:1)
  An orc (D:2)
  3 giant cockroaches
5 creatures vanquished.

Vanquished Creatures (others)
  An orc priest (D:3)
  An orc (D:3)
  A ball python (D:2)
  A giant newt (D:2)
  3 goblins
  A jackal (D:2)
  2 kobolds
  A rat (D:1)
  2 butterflies (D:3)
13 creatures vanquished.

Grand Total: 18 creatures vanquished

Notes
Turn   | Place    | Note
--------------------------------------------------------------
     0 | D:1      | Consentacles, the Deep Dwarf Healer, began the quest for the Orb.
     0 | D:1      | Reached XP level 1. HP: 16/16 MP: 2/2
    75 | D:1      | Reached skill level 4 in Invocations
   272 | D:1      | Reached XP level 2. HP: 15/24 MP: 4/4
  1014 | D:2      | Reached skill level 5 in Invocations
  1151 | D:2      | Reached XP level 3. HP: 18/30 MP: 1/6
  1442 | D:2      | Acquired Elyvilon's third power
  1864 | D:2      | Reached skill level 6 in Invocations
  2001 | D:3      | Noticed Natasha
  2005 | D:3      | Pacified Natasha
  2005 | D:3      | Reached XP level 4. HP: 37/37 MP: 3/9
  2367 | D:3      | Elyvilon protects you from harm!
  2370 | D:3      | Noticed dongtrain's ghost (average FoFi)
  2428 | D:3      | Elyvilon protects you from harm!
  2455 | D:3      | HP: 1/37 [dongtrain's ghost (11)]
  2455 | D:3      | Killed from afar by an orc priest

Action                   |  1- 3 |  4- 6 || total
-------------------------+-------+-------++-------
Melee: Unarmed           |    59 |       ||    59
       Hand axe          |    12 |     1 ||    13
Invok: Lesser Healing    |    74 |    41 ||   115
Evoke: Wand              |     1 |     1 ||     2
  Use: Scroll            |       |     7 ||     7
       Potion            |       |     7 ||     7
  Eat: Chunk             |     5 |       ||     5
       Bread ration      |     2 |       ||     2
       Royal jelly       |     1 |       ||     1
       Meat ration       |       |     1 ||     1
